 Dungeon Crawl Stone Soup version 0.22-a0-192-g6ffc940 (webtiles) character file.

11 4thArraOfDagon the Sneak (level 2, -4/18 HPs)
             Began as a Felid Wanderer on Feb 16, 2018.
             Killed by nerve-wracking pain
             ... invoked by Jessica
              (13 damage)
             ... on level 2 of the Dungeon.
             The game lasted 00:01:32 (290 turns).

4thArraOfDagon the Sneak (Felid Wanderer)            Turns: 290, Time: 00:01:32

Health: -4/18      AC:  1    Str: 19    XL:     2   Next: 13%
Magic:  0/4        EV: 16    Int: 10    God:
Gold:   37         SH:  0    Dex: 12    Spells: 3/3 levels left
                                        Lives:  0   Deaths: 0

rFire    . . .     SeeInvis +     - Unarmed
rCold    . . .     Gourm    .   (shield unavailable)
rNeg     . . .     Faith    .   (armour unavailable)
rPois    .         Spirit   +   (helmet unavailable)
rElec    .         Reflect  .   (cloak unavailable)
rCorr    .         Harm     .   (gloves unavailable)
MR       .....                  (boots unavailable)
Stlth    ..........             f - amulet of guardian spirit
HPRegen  0.06/turn              (no ring)
MPRegen  0.09/turn              (no ring)

@: berserking, very quick
A: very small, no armour, no weapons or thrown items, stealth, claws 1, fangs 3,
see invisible, carnivore, speed 1, shaggy fur 1, slow metabolism 1, sharp paws
a: no special abilities


You were on level 2 of the Dungeon.
You were not hungry.

You visited 1 branch of the dungeon, and saw 2 of its levels.

You collected 37 gold pieces.

Inventory:

Jewellery
 f - an amulet of guardian spirit (around neck)
Potions
 b - a potion of heal wounds
 c - a potion of curing
 g - a potion of magic {unknown}
Comestibles
 d - 3 rations


   Skills:
 + Level 0.6 Fighting
 + Level 1.9 Dodging
 - Level 4.0 Stealth
 * Level 3.3 Unarmed Combat
 - Level 1.0 Spellcasting
   Level 1.7 Conjurations


You had 3 spell levels left.
You didn't know any spells.

Dungeon Overview and Level Annotations

Branches:
Dungeon (2/15)

Altars:

Annotations:
D:2 Jessica


Innate Abilities, Weirdness & Mutations

You cannot wear armour.
You are incapable of wielding weapons or throwing items.
Your paws allow you to move quietly. (Stealth)
You have sharp claws.
You have razor-sharp teeth.
You have supernaturally acute eyesight. (SInv)
You are carnivorous and can eat meat at any time.
You cover ground quickly.
You are covered in fur. (AC +1)
You have a slow metabolism.
Your sharp claws are effective at attacking unaware monsters.


Message History

Unknown command.
Found 21 stones.
Unknown command.
You feel better. Jessica gestures at you while chanting.
Pain shoots through your body!
Ouch! That really hurt!
A red film seems to cover your vision as you go berserk!
You feel yourself moving faster!
You feel mighty!
You closely miss Jessica. You claw Jessica.
Jessica is severely wounded.
Jessica drinks a potion.
Jessica is healed!
You closely miss Jessica. You closely miss Jessica.
Jessica mumbles some strange words.
Jessica blinks!
Jessica points at you and mumbles some strange words.
Pain shoots through your body!
Ouch! That really hurt!
You die...

....... (...... ........#
############ .....!..#
#........... ........#
#........... ........#
#...........
........######...........
........@...##...........
............##...........
######...@.##..†........
#.....#########.#.#
#.....#### #.#.#
#........# #.#.)
#.....##.# #.#..
#.....##.# #.#..
#.<...##.# #.#..


You could see Jessica.

Vanquished Creatures
  2 ball pythons (D:1)
  A bat (D:1)
  3 goblins
  2 frilled lizards (D:2)
  2 rats (D:1)
10 creatures vanquished.

Notes
Turn   | Place    | Note
-------+----------+-------------------------------------------
     0 | D:1      | 4thArraOfDagon the Felid Wanderer began the quest for the Orb.
     0 | D:1      | 4thArraOfDagon set off with: a potion of berserk rage, a potion of heal wounds, 2 potions of curing, a ration
     0 | D:1      | Reached XP level 1. HP: 7/7 MP: 3/3
   128 | D:1      | Reached XP level 2. HP: 5/12 MP: 4/4
   160 | D:2      | Noticed Jessica
   290 | D:2      | Killed from afar by Jessica

Vault maps used:
D:1:      saegor_arrival_simple_c
D:2:      uniq_jessica

Action                   || total
-------------------------++-------
Melee: Unarmed           ||    18
       Punch             ||     1
  Use: Potion            ||     2
       Scroll            ||     1
 Stab: Sleeping          ||     4
Armor: Skin              ||     1
Dodge: Dodged            ||     6

Table legend:
 A = Spawn XP
 B = Non-spawn XP
 C = Spawn XP percentage of total XP
 D = Spawn monster count
 E = Non-spawn monster count
 F = Spawn count percentage of total count
 G = Total turns spent on level
                    A         B        C        D         E        F      G
               +---------+---------+-------+---------+---------+-------+---------
         Total |       0 |      16 |   0.0 |       0 |      10 |   0.0 |   290
               +---------+---------+-------+---------+---------+-------+---------
           D:1 |       0 |      12 |   0.0 |       0 |       7 |   0.0 |   155
           D:2 |       0 |       4 |   0.0 |       0 |       3 |   0.0 |   135
               +---------+---------+-------+---------+---------+-------+---------
